 Dungeon Crawl Stone Soup version 0.29.0-4-gdea44cf6ec (webtiles) character file.

Game seed: 2774129517482938368

3815 qw the Cleaver (level 10, 57/64 HPs)
             Began as a Gargoyle Fighter on Sept 6, 2022.
             Was an Initiate of Okawaru.
             Quit the game on level 8 of the Dungeon.
             The game lasted 00:12:13 (30978 turns).

qw the Cleaver (Gargoyle Fighter)                  Turns: 30978, Time: 00:12:14

Health: 57/64      AC: 27    Str: 29    XL:     10   Next: 17%
Magic:  13/13      EV:  7    Int: 10    God:    Okawaru [......]
Gold:   1280       SH:  4    Dex:  9    Spells: 9/9 levels left

rFire   . . .      SeeInvis .   Y - +2 war axe (flame)
rCold   . . .      Faith    .   c - +0 buckler
rNeg    + . .      Spirit   .   q - +0 plate armour
rPois   inf        Reflect  .   g - +0 helmet
rElec   +          Harm     .   (no cloak)
rCorr   .          Rampage  .   n - +1 pair of gloves
Will    .....                   (no boots)
Stlth   ..........              (no amulet)
HPRegen 0.20/turn               j - +4 ring of protection
MPRegen 0.13/turn               h - ring "Iskest" {Str+6 Stlth+}

@: no status effects
A: sickness immunity, AC +7, negative energy resistance 1, electricity
resistance, torment resistance 1, petrification resistance
a: Renounce Religion


You were on level 8 of the Dungeon.
You worshipped Okawaru.
Okawaru was noncommittal.
You visited 2 branches of the dungeon, and saw 9 of its levels.

You collected 1432 gold pieces.
You spent 152 gold pieces at shops.


Innate Abilities, Weirdness & Mutations

You are immune to sickness and miasma.
Your stone body is resilient. (AC +7)
You are immune to poison.
You resist negative energy. (rN+)
You are resistant to electric shocks. (rElec)
You are resistant to unholy torment.
You are immune to petrification.


   Skills:
 + Level 7.8 Fighting
 - Level 10.0 Axes
 - Level 1.7 Throwing
 - Level 6.0 Armour
 - Level 1.0 Dodging
 - Level 4.0 Shields
 - Level 4.0 Invocations


You had 9 spell levels left.
You didn't know any spells.
Your spell library was empty.

Inventory:

Hand Weapons
 Y - a +2 war axe of flaming (weapon)
Missiles
 m - a boomerang (quivered)
Armour
 c - a +0 buckler (worn)
 g - a +0 helmet (worn)
 n - a +1 pair of gloves (worn)
 q - a +0 plate armour (worn)
Jewellery
 h - the ring "Iskest" (right hand) {Str+6 Stlth+}
   (You acquired it on level 4 of the Dungeon)

   [ring of strength]

   Str:       It affects your strength (+6).
   Stlth:     It makes you more stealthy.
 j - a +4 ring of protection (left hand)
Scrolls
 b - a scroll of identify
 s - 5 scrolls of teleportation
Potions
 a - a potion of lignification
 d - 2 potions of might
 e - a potion of cancellation
 f - a potion of attraction
 i - a potion of resistance
 k - 6 potions of curing
 o - a potion of brilliance {unknown}
 p - 4 potions of heal wounds
 r - a potion of invisibility {unknown}
 t - a potion of haste {unknown}

Dungeon Overview and Level Annotations

Branches:
Dungeon (8/15)             Temple (1/1) D:5
   Lair: D:8-11

Altars:
Ashenzari
Cheibriados
Dithmenos
Elyvilon
Fedhas
Gozag
Hepliaklqana
Kikubaaqudgha
Makhleb
Nemelex Xobeh
Okawaru
Qazlal
Ru
Sif Muna
Trog
Uskayaw
Vehumet
Wu Jian
Xom
Yredelemnul
Zin
The Shining One

Shops:
D:1 *   D:2 *

Annotations:
D:3 2 transporters, qw's ghost, amateur GrBe
D:4 2 runed translucent doors, qw's ghost, amateur GrFi
D:6 1 runed translucent door, qw's ghost, novice GrBe


Message History

The centaur shoots an arrow.
The arrow hits you.
The centaur shoots an arrow.
The arrow hits you but does no damage.
The centaur shoots an arrow.
The arrow hits you but does no damage.
30974 ||| FLEEEEING.
Welcome back, qw the Gargoyle Fighter.
Okawaru says: Bring me glory in combat!
Press ? for a list of commands and other information.
Existing waypoints: (1) Temple (2) D:8 Assign waypoint to what number? (0-9, D - delete waypoint) Waypoint 2 re-assigned to D:8.
Enter note:
Enter note:
Enter note:
Enter note:
Enter note:
Enter note:
Enter note:
Enter note:
Enter note:
Enter note:
Enter note:
Enter note:
Enter note:
Enter note:
Enter note:
Enter note:
Enter note:
Enter note:
Enter note:
Enter note:
Enter note:
Enter note:
Enter note:
Enter note:
Enter note:
Enter note:
Enter note:
30978 ||| PLANNING D:1-11 Are you sure you want to abandon this character and quit the game? (Confirm with "yes".)

.# #.....##.........## # .#
#.....##......##..### .#
#.....##......###..## .#
#..<..........####..# .#
#..[[.#.......#...... .#
#.....#.......#....## .#
#######.......#....# ##
########....)......#....#
#........@###......#....#
#.........'.#.##+###....#
#.........#.#.##.###....#
#.........#.#.##...'....##
#.........#.....####....'.
########.........###...####....'#
.................# #...#.........
.......~~~~......# #...#.........
..?.~~~~~~~~.....# #...#.........


There were no monsters in sight!

Vanquished Creatures
  Maggie (D:6)
  Grinder (D:3)
  2 water moccasins
  Duvessa (D:7)
  An ice beast (D:8)
  A black bear (D:4)
  2 orc warriors
  2 ogres
  A centaur (D:6)
  3 bullfrogs
  A necrophage (D:6)
  4 scorpions
  2 gnoll sergeants
  6 wights (D:8)
  Dowan (D:7)
  17 killer bees (D:7)
  2 howler monkeys (D:7)
  2 jellies
  2 hounds
  2 orc priests (D:5)
  4 iguanas
  3 orc wizards
  11 gnolls
  4 adders
  A white imp (D:7)
  A worm (D:4)
  7 dart slugs
  26 orcs
  8 ball pythons
  8 bats
  6 endoplasms
  5 giant cockroaches
  7 goblins
  5 hobgoblins
  2 jackals (D:4)
  A quokka (D:1)
  3 frilled lizards
  3 kobolds
  8 rats
167 creatures vanquished.

Notes
Turn   | Place    | Note
-------+----------+-------------------------------------------
     0 | D:1      | qw the Gargoyle Fighter began the quest for the Orb.
     0 | D:1      | Reached XP level 1. HP: 14/14 MP: 1/1
     0 | D:1      | 0 ||| qw: Version: 0.1-a-108-g9e35731
     0 | D:1      | 0 ||| qw: Game counter: 6402
     0 | D:1      | 0 ||| qw: Always use a shield: true
     0 | D:1      | 0 ||| qw: God list: Okawaru
     0 | D:1      | 0 ||| qw: Allow faded altars: false
     0 | D:1      | 0 ||| qw: Do Orc after D:15 true
     0 | D:1      | 0 ||| qw: Do second Lair branch before Depths: true
     0 | D:1      | 0 ||| qw: Lair rune preference: random
     0 | D:1      | 0 ||| qw: Plans: Normal, Zot, God:TSO, Crypt, Tomb, Zig,
                  | Orb
     0 | D:1      | 0 ||| PLANNING D:1-11
    76 | D:1      | Found Fuokhlui's Assorted Antiques.
    99 | D:1      | Reached skill level 2 in Axes
   106 | D:1      | 106 ||| Stepping ~*~*~tactically~*~*~ (stealth).
   196 | D:1      | Reached XP level 2. HP: 19/19 MP: 2/2
   216 | D:1      | 216 ||| Stepping ~*~*~tactically~*~*~ (stealth).
   258 | D:1      | 258 ||| SHOPLISTING 2 amethyst potions (34 gold, have 27).
   258 | D:1      | 258 ||| BUYING dark potion (17 gold).
   258 | D:1      | Bought a dark potion for 17 gold pieces
   258 | D:1      | 258 ||| SHOPLISTING dark potion (17 gold, have 10).
   258 | D:1      | 258 ||| SHOPLISTING scroll labelled HEDIMOIKUOKH (19 gold,
                  | have 10).
   258 | D:1      | 258 ||| SHOPLISTING viscous red potion (17 gold, have 10).
   512 | D:1      | Reached skill level 3 in Axes
   553 | D:1      | Reached XP level 3. HP: 23/23 MP: 3/3
   771 | D:1      | 771 ||| UPGRADING to +0 chain mail.
   781 | D:1      | 781 ||| DROPPING +0 scale mail.
   782 | D:1      | 782 ||| DROPPING +6 ring of intelligence.
   783 | D:1      | 783 ||| UPGRADING to +4 ring of protection.
   784 | D:1      | 784 ||| DROPPING ring of wizardry.
   785 | D:1      | 785 ||| READING scroll labelled SAQUR BATO.
   785 | D:1      | Identified a scroll of acquirement
   785 | D:1      | 785 ||| ACQUIRING 920 gold pieces
   785 | D:1      | Acquired 920 gold pieces
   787 | D:1      | 787 ||| READING scroll labelled ORIODI KUOWUWO.
   888 | D:1      | 888 ||| READING scroll labelled SUTERI OPNAL.
   889 | D:1      | 889 ||| DROPPING +2 mace of venom.
   890 | D:1      | 890 ||| READING scroll labelled UTHYERO DO TEEH.
   891 | D:1      | 891 ||| READING 2 scrolls labelled TYVIAT BEASH.
   892 | D:1      | 892 ||| DROPPING scroll of amnesia.
   910 | D:2      | 910 ||| STAIRDANCE
   919 | D:2      | 919 ||| STAIRDANCE
   999 | D:2      | 999 ||| Stepping ~*~*~tactically~*~*~ (hiding).
  1105 | D:2      | Found Wunajih's Assorted Antiques.
  1115 | D:2      | 1115 ||| BUYING 2 dark potions (54 gold).
  1115 | D:2      | Bought 2 dark potions for 54 gold pieces
  1115 | D:2      | 1115 ||| BUYING dark potion (27 gold).
  1115 | D:2      | Bought a dark potion for 27 gold pieces
  1115 | D:2      | 1115 ||| BUYING fuming grey potion (27 gold).
  1115 | D:2      | Bought a fuming grey potion for 27 gold pieces
  1115 | D:2      | 1115 ||| BUYING inky potion (27 gold).
  1115 | D:2      | Bought an inky potion for 27 gold pieces
  1305 | D:2      | 1305 ||| FLEEEEING.
  1306 | D:2      | 1306 ||| FLEEEEING.
  1307 | D:2      | 1307 ||| FLEEEEING.
  1323 | D:2      | 1323 ||| FLEEEEING.
  1337 | D:2      | 1337 ||| Stepping ~*~*~tactically~*~*~ (hiding).
  1339 | D:2      | 1339 ||| Stepping ~*~*~tactically~*~*~ (hiding).
  1456 | D:2      | 1456 ||| READING scroll labelled ATSEXK FUFUDU.
  1457 | D:2      | 1457 ||| READING scroll labelled MOHAFEIGUO.
  1458 | D:2      | 1458 ||| READING 2 scrolls labelled IFOME DABB.
  1461 | D:2      | 1461 ||| DRINKING 2 bubbling amethyst potions.
  1462 | D:2      | 1462 ||| DRINKING 4 dark potions.
  1517 | D:3      | Noticed Grinder
  1517 | D:3      | Paralysed by Grinder for 2 turns
  1535 | D:3      | Killed Grinder
  1536 | D:3      | Reached skill level 5 in Axes
  1536 | D:3      | Reached XP level 4. HP: 10/28 MP: 4/4
  1536 | D:3      | Reached XP level 5. HP: 11/32 MP: 5/5
  1536 | D:3      | Reached XP level 6. HP: 13/37 MP: 6/6
  1786 | D:3      | 1786 ||| Stepping ~*~*~tactically~*~*~ (stealth).
  1787 | D:3      | 1787 ||| Stepping ~*~*~tactically~*~*~ (stealth).
  1791 | D:3      | 1791 ||| Stepping ~*~*~tactically~*~*~ (stealth).
  1792 | D:3      | 1792 ||| Stepping ~*~*~tactically~*~*~ (stealth).
  1796 | D:3      | 1796 ||| Stepping ~*~*~tactically~*~*~ (hiding).
  1999 | D:3      | Noticed qw's ghost (amateur GrBe)
  2115 | D:3      | Found a transporter.
  2157 | D:3      | Found a transporter.
  2575 | D:3      | 2575 ||| UPGRADING to +0 pair of gloves.
  2580 | D:3      | 2580 ||| READING scroll labelled DUET UBIBOMMIA.
  2581 | D:3      | 2581 ||| READING 3 scrolls of identify.
  2581 | D:3      | 2581 ||| IDENTIFYING viscous red potion
  2582 | D:3      | 2582 ||| READING 2 scrolls of identify.
  2582 | D:3      | 2582 ||| IDENTIFYING silvery potion
  2583 | D:3      | 2583 ||| DROPPING potion of berserk rage.
  2607 | D:4      | You fall into a shaft and drop 2 floors!
  2681 | D:6      | 2681 ||| READING 2 scrolls of identify.
  2681 | D:6      | 2681 ||| IDENTIFYING bubbling red potion
  2682 | D:6      | 2682 ||| DROPPING potion of degeneration.
  2689 | D:5      | Entered Level 5 of the Dungeon
  2706 | D:5      | 2706 ||| Stepping ~*~*~tactically~*~*~ (stealth).
  2714 | D:5      | 2714 ||| READING 2 scrolls of identify.
  2714 | D:5      | 2714 ||| IDENTIFYING fizzy red potion
  2715 | D:5      | 2715 ||| DROPPING potion of flight.
  2737 | D:4      | Found a large runed translucent door.
  2737 | D:4      | Found a large runed translucent door.
  2744 | D:4      | Noticed qw's ghost (amateur GrFi)
  2767 | D:4      | Noticed a black bear
  2780 | D:4      | Killed a black bear
  2828 | D:4      | 2828 ||| READING scroll of acquirement.
  2828 | D:4      | 2828 ||| ACQUIRING ring "Iskest" {Str+6 Stlth+}
  2828 | D:4      | Acquired the ring "Iskest" {Str+6 Stlth+}
  2830 | D:4      | 2830 ||| UPGRADING to ring "Iskest" {Str+6 Stlth+}.
  2863 | D:4      | 2863 ||| Stepping ~*~*~tactically~*~*~ (stealth).
  3015 | D:4      | Reached skill level 6 in Axes
  3015 | D:4      | Reached XP level 7. HP: 44/44 MP: 7/7
  3025 | D:4      | 3025 ||| Stepping ~*~*~tactically~*~*~ (stealth).
  3026 | D:4      | 3026 ||| Stepping ~*~*~tactically~*~*~ (stealth).
  3027 | D:4      | 3027 ||| Stepping ~*~*~tactically~*~*~ (stealth).
  3118 | D:4      | 3118 ||| Stepping ~*~*~tactically~*~*~ (stealth).
  3126 | D:4      | 3126 ||| Stepping ~*~*~tactically~*~*~ (stealth).
  3127 | D:4      | 3127 ||| Stepping ~*~*~tactically~*~*~ (hiding).
  3137 | D:4      | Reached skill level 1 in Dodging
  3154 | D:4      | 3154 ||| Stepping ~*~*~tactically~*~*~ (stealth).
  3158 | D:4      | 3158 ||| Stepping ~*~*~tactically~*~*~ (stealth).
  3174 | D:4      | 3174 ||| DRINKING 3 potions of curing.
  3174 | D:4      | 3174 ||| (to cure confusion)
  3267 | D:4      | Found a hide-covered altar of Uskayaw.
  3509 | D:4      | 3509 ||| READING scroll labelled OQAUMA OVUV.
  3510 | D:4      | 3510 ||| READING scroll labelled QOCUTY YWEXU.
  3511 | D:4      | 3511 ||| READING scroll labelled SUEDUU JIONAUB.
  3512 | D:4      | 3512 ||| READING scroll labelled HEDIMOIKUOKH.
  3513 | D:4      | 3513 ||| READING 2 scrolls of identify.
  3513 | D:4      | 3513 ||| IDENTIFYING amethyst potion
  3671 | D:5      | Found a staircase to the Ecumenical Temple.
  3672 | D:5      | 3672 ||| PLANNING TEMPLE
  3672 | D:5      | 3672 ||| DROPPING ring of flight.
  3673 | D:5      | 3673 ||| DRINKING 2 inky potions.
  3686 | D:5      | Reached skill level 7 in Axes
  3744 | Temple   | Entered the Ecumenical Temple
  3770 | Temple   | Became a worshipper of Warmaster Okawaru
  3773 | Temple   | 3773 ||| PLANNING D:1-11
  3842 | D:5      | 3842 ||| Stepping ~*~*~tactically~*~*~ (stealth).
  4011 | D:5      | Reached XP level 8. HP: 49/49 MP: 8/8
  4014 | D:5      | 4014 ||| Stepping ~*~*~tactically~*~*~ (stealth).
  4017 | D:5      | 4017 ||| Stepping ~*~*~tactically~*~*~ (hiding).
  4155 | D:5      | 4155 ||| Stepping ~*~*~tactically~*~*~ (hiding).
  4330 | D:5      | 4330 ||| UPGRADING to +0 helmet.
  4352 | D:6      | Found a runed translucent door.
  4353 | D:6      | 4353 ||| STAIRDANCE
  4361 | D:6      | 4361 ||| STAIRDANCE
  4412 | D:6      | 4412 ||| Stepping ~*~*~tactically~*~*~ (hiding).
  4414 | D:6      | 4414 ||| STAIRDANCE
  4429 | D:6      | 4429 ||| Stepping ~*~*~tactically~*~*~ (hiding).
  4436 | D:6      | Reached skill level 8 in Axes
  4539 | D:6      | Noticed qw's ghost (novice GrBe)
  4630 | D:6      | Reached skill level 6 in Fighting
  4713 | D:6      | Noticed Maggie
  4714 | D:6      | 4714 ||| Stepping ~*~*~tactically~*~*~ (hiding).
  4715 | D:6      | 4715 ||| Stepping ~*~*~tactically~*~*~ (hiding).
  4716 | D:6      | 4716 ||| Stepping ~*~*~tactically~*~*~ (hiding).
  4733 | D:6      | Killed Maggie
  4733 | D:6      | Reached * piety under Okawaru
  4867 | D:6      | Found a blossoming altar of Fedhas.
  4899 | D:6      | Reached skill level 9 in Axes
  4899 | D:6      | Reached skill level 1 in Invocations
  4899 | D:6      | Reached XP level 9. HP: 55/55 MP: 8/10
  4918 | D:6      | 4918 ||| INVOKING Heroism.
  5400 | D:6      | Found a shadowy altar of Dithmenos.
  5419 | D:6      | 5419 ||| Stepping ~*~*~tactically~*~*~ (stealth).
  5420 | D:6      | 5420 ||| Stepping ~*~*~tactically~*~*~ (stealth).
  5425 | D:6      | 5425 ||| Stepping ~*~*~tactically~*~*~ (hiding).
  5426 | D:6      | 5426 ||| Stepping ~*~*~tactically~*~*~ (hiding).
  5429 | D:6      | 5429 ||| Stepping ~*~*~tactically~*~*~ (hiding).
  5430 | D:6      | 5430 ||| Stepping ~*~*~tactically~*~*~ (hiding).
  5438 | D:6      | 5438 ||| Stepping ~*~*~tactically~*~*~ (stealth).
  5439 | D:6      | 5439 ||| Stepping ~*~*~tactically~*~*~ (stealth).
  5784 | D:6      | 5784 ||| READING scroll labelled JAN SISIAK.
  5785 | D:6      | 5785 ||| READING 2 scrolls labelled KAISIELIYT.
  5786 | D:6      | 5786 ||| DROPPING scroll of vulnerability.
  5820 | D:7      | 5820 ||| INVOKING Heroism.
  5823 | D:7      | Reached skill level 3 in Invocations
  5949 | D:7      | 5949 ||| Stepping ~*~*~tactically~*~*~ (stealth).
  5979 | D:7      | 5979 ||| INVOKING Heroism.
  6019 | D:7      | 6019 ||| FLEEEEING.
  6022 | D:7      | 6022 ||| FLEEEEING.
  6023 | D:7      | 6023 ||| FLEEEEING.
  6024 | D:7      | 6024 ||| FLEEEEING.
  6025 | D:7      | 6025 ||| FLEEEEING.
  6026 | D:7      | 6026 ||| FLEEEEING.
  6027 | D:7      | 6027 ||| FLEEEEING.
  6028 | D:7      | 6028 ||| FLEEEEING.
  6029 | D:7      | 6029 ||| FLEEEEING.
  6030 | D:7      | 6030 ||| FLEEEEING.
  6031 | D:7      | 6031 ||| FLEEEEING.
  6032 | D:7      | 6032 ||| FLEEEEING.
  6033 | D:7      | 6033 ||| FLEEEEING.
  6034 | D:7      | 6034 ||| FLEEEEING.
  6035 | D:7      | 6035 ||| STAIRDANCE
  6179 | D:7      | 6179 ||| INVOKING Heroism.
  6260 | D:7      | Noticed Dowan
  6261 | D:7      | 6261 ||| INVOKING Heroism.
  6263 | D:7      | Noticed Duvessa
  6276 | D:7      | Killed Duvessa
  6278 | D:7      | Killed Dowan
  6403 | D:7      | 6403 ||| INVOKING Heroism.
  6410 | D:7      | Reached ** piety under Okawaru
  6454 | D:7      | 6454 ||| INVOKING Heroism.
  6635 | D:7      | 6635 ||| READING scroll of enchant weapon.
  6635 | D:7      | 6635 ||| ENCHANTING +1 war axe of flaming.
  6684 | D:7      | 6684 ||| READING scroll of enchant armour.
  6684 | D:7      | 6684 ||| ENCHANTING +0 pair of gloves.
  6778 | D:7      | 6778 ||| READING 2 scrolls labelled JUSHRU ZAOS.
  6838 | D:7      | 6838 ||| DROPPING scroll of torment.
  6882 | D:8      | Reached skill level 10 in Axes
  7038 | D:8      | Reached XP level 10. HP: 51/63 MP: 13/13
  7038 | D:8      | 7038 ||| FLEEEEING.
  7039 | D:8      | 7039 ||| FLEEEEING.
  7040 | D:8      | 7040 ||| FLEEEEING.
  7041 | D:8      | 7041 ||| FLEEEEING.
  7042 | D:8      | 7042 ||| FLEEEEING.
  7043 | D:8      | 7043 ||| FLEEEEING.
  7044 | D:8      | 7044 ||| FLEEEEING.
  7045 | D:8      | 7045 ||| FLEEEEING.
  7046 | D:8      | 7046 ||| FLEEEEING.
  7047 | D:8      | 7047 ||| FLEEEEING.
  7048 | D:8      | 7048 ||| FLEEEEING.
  7049 | D:8      | 7049 ||| FLEEEEING.
  7050 | D:8      | 7050 ||| FLEEEEING.
  7051 | D:8      | 7051 ||| FLEEEEING.
  7052 | D:8      | 7052 ||| FLEEEEING.
  7053 | D:8      | 7053 ||| FLEEEEING.
  7054 | D:8      | 7054 ||| FLEEEEING.
  7055 | D:8      | 7055 ||| FLEEEEING.
  7056 | D:8      | 7056 ||| FLEEEEING.
  7057 | D:8      | 7057 ||| FLEEEEING.
  7058 | D:8      | 7058 ||| FLEEEEING.
  7059 | D:8      | 7059 ||| FLEEEEING.
  7060 | D:8      | 7060 ||| FLEEEEING.
  7061 | D:8      | 7061 ||| STAIRDANCE
  7090 | D:7      | 7090 ||| Stepping ~*~*~tactically~*~*~ (stealth).
  7096 | D:7      | 7096 ||| Stepping ~*~*~tactically~*~*~ (stealth).
  7098 | D:7      | 7098 ||| Stepping ~*~*~tactically~*~*~ (stealth).
  7100 | D:7      | 7100 ||| Stepping ~*~*~tactically~*~*~ (hiding).
  7103 | D:7      | 7103 ||| INVOKING Heroism.
  7109 | D:7      | Reached skill level 1 in Throwing
  7179 | D:7      | 7179 ||| UPGRADING to +0 plate armour.
  7189 | D:7      | 7189 ||| DROPPING +0 chain mail.
  7197 | D:8      | 7197 ||| STAIRDANCE
  7431 | D:8      | Reached skill level 6 in Armour
  7455 | D:8      | Found a flagged portal.
  7483 | D:8      | 7483 ||| Stepping ~*~*~tactically~*~*~ (stealth).
  7485 | D:8      | 7485 ||| Stepping ~*~*~tactically~*~*~ (stealth).
  7486 | D:8      | 7486 ||| Stepping ~*~*~tactically~*~*~ (stealth).
  7496 | D:8      | 7496 ||| Stepping ~*~*~tactically~*~*~ (stealth).
  7498 | D:8      | 7498 ||| INVOKING Heroism.
  7502 | D:8      | 7502 ||| Stepping ~*~*~tactically~*~*~ (stealth).
  7718 | D:8      | 7718 ||| FLEEEEING.
  7719 | D:8      | 7719 ||| FLEEEEING.
  7720 | D:8      | 7720 ||| FLEEEEING.
  7847 | D:8      | 7847 ||| INVOKING Heroism.
  7857 | D:8      | 7857 ||| FLEEEEING.
  7858 | D:8      | 7858 ||| FLEEEEING.
  7859 | D:8      | 7859 ||| FLEEEEING.
  8072 | D:8      | 8072 ||| INVOKING Heroism.
  8075 | D:8      | 8075 ||| FLEEEEING.
  8076 | D:8      | 8076 ||| FLEEEEING.
  8077 | D:8      | 8077 ||| FLEEEEING.
  8318 | D:8      | 8318 ||| INVOKING Heroism.
  8324 | D:8      | 8324 ||| FLEEEEING.
  8325 | D:8      | 8325 ||| FLEEEEING.
  8325 | D:8      | HP: 8/64 [centaur/arrow (9)]
  8326 | D:8      | 8326 ||| FLEEEEING.
  8327 | D:8      | 8327 ||| FLEEEEING.
  8615 | D:8      | 8615 ||| FLEEEEING.
  8658 | D:8      | 8658 ||| FLEEEEING.
  8659 | D:8      | 8659 ||| FLEEEEING.
  8660 | D:8      | 8660 ||| FLEEEEING.
  8661 | D:8      | 8661 ||| FLEEEEING.
  8832 | D:8      | 8832 ||| INVOKING Heroism.
  8844 | D:8      | 8844 ||| FLEEEEING.
  8845 | D:8      | 8845 ||| FLEEEEING.
  8846 | D:8      | 8846 ||| FLEEEEING.
  9062 | D:8      | 9062 ||| INVOKING Heroism.
  9071 | D:8      | 9071 ||| FLEEEEING.
  9072 | D:8      | 9072 ||| FLEEEEING.
  9073 | D:8      | 9073 ||| FLEEEEING.
  9312 | D:8      | 9312 ||| INVOKING Heroism.
  9323 | D:8      | 9323 ||| FLEEEEING.
  9324 | D:8      | 9324 ||| FLEEEEING.
  9325 | D:8      | 9325 ||| FLEEEEING.
  9508 | D:8      | 9508 ||| FLEEEEING.
  9509 | D:8      | 9509 ||| FLEEEEING.
  9510 | D:8      | 9510 ||| FLEEEEING.
  9511 | D:8      | 9511 ||| FLEEEEING.
  9571 | D:8      | 9571 ||| FLEEEEING.
  9572 | D:8      | 9572 ||| FLEEEEING.
  9698 | D:8      | 9698 ||| FLEEEEING.
  9699 | D:8      | 9699 ||| FLEEEEING.
  9700 | D:8      | 9700 ||| FLEEEEING.
  9858 | D:8      | 9858 ||| INVOKING Heroism.
  9866 | D:8      | 9866 ||| FLEEEEING.
  9867 | D:8      | 9867 ||| FLEEEEING.
  9868 | D:8      | 9868 ||| FLEEEEING.
  9869 | D:8      | 9869 ||| FLEEEEING.
 10093 | D:8      | 10093 ||| INVOKING Heroism.
 10104 | D:8      | 10104 ||| FLEEEEING.
 10105 | D:8      | 10105 ||| FLEEEEING.
 10106 | D:8      | 10106 ||| FLEEEEING.
 10107 | D:8      | 10107 ||| FLEEEEING.
 10310 | D:8      | 10310 ||| INVOKING Heroism.
 10315 | D:8      | 10315 ||| FLEEEEING.
 10316 | D:8      | 10316 ||| FLEEEEING.
 10317 | D:8      | 10317 ||| FLEEEEING.
 10522 | D:8      | 10522 ||| INVOKING Heroism.
 10528 | D:8      | 10528 ||| FLEEEEING.
 10529 | D:8      | 10529 ||| FLEEEEING.
 10529 | D:8      | HP: 16/64 [centaur/arrow (1)]
 10530 | D:8      | 10530 ||| FLEEEEING.
 10531 | D:8      | 10531 ||| FLEEEEING.
 10531 | D:8      | HP: 6/64 [centaur/arrow (7)]
 10532 | D:8      | 10532 ||| FLEEEEING.
 10533 | D:8      | 10533 ||| FLEEEEING.
 10533 | D:8      | HP: 1/64 [centaur/arrow (5)]
 10534 | D:8      | 10534 ||| FLEEEEING.
 10535 | D:8      | 10535 ||| FLEEEEING.
 10858 | D:8      | 10858 ||| INVOKING Heroism.
 10864 | D:8      | 10864 ||| FLEEEEING.
 10865 | D:8      | 10865 ||| FLEEEEING.
 10865 | D:8      | HP: 12/64 [centaur/arrow (6)]
 10865 | D:8      | HP: 3/64 [centaur/arrow (6)]
 10866 | D:8      | 10866 ||| FLEEEEING.
 10867 | D:8      | 10867 ||| FLEEEEING.
 11186 | D:8      | 11186 ||| FLEEEEING.
 11187 | D:8      | 11187 ||| FLEEEEING.
 11188 | D:8      | 11188 ||| FLEEEEING.
 11298 | D:8      | 11298 ||| INVOKING Heroism.
 11314 | D:8      | 11314 ||| FLEEEEING.
 11315 | D:8      | 11315 ||| FLEEEEING.
 11315 | D:8      | HP: 12/64 [centaur/arrow (7)]
 11316 | D:8      | 11316 ||| FLEEEEING.
 11317 | D:8      | 11317 ||| FLEEEEING.
 11593 | D:8      | 11593 ||| INVOKING Heroism.
 11602 | D:8      | 11602 ||| FLEEEEING.
 11603 | D:8      | 11603 ||| FLEEEEING.
 11604 | D:8      | 11604 ||| FLEEEEING.
 11605 | D:8      | 11605 ||| FLEEEEING.
 11848 | D:8      | 11848 ||| FLEEEEING.
 11849 | D:8      | 11849 ||| FLEEEEING.
 11850 | D:8      | 11850 ||| FLEEEEING.
 11851 | D:8      | 11851 ||| FLEEEEING.
 11977 | D:8      | 11977 ||| INVOKING Heroism.
 11981 | D:8      | 11981 ||| FLEEEEING.
 11982 | D:8      | 11982 ||| FLEEEEING.
 11983 | D:8      | 11983 ||| FLEEEEING.
 12172 | D:8      | 12172 ||| INVOKING Heroism.
 12179 | D:8      | 12179 ||| FLEEEEING.
 12179 | D:8      | HP: 12/64 [centaur/arrow (6)]
 12180 | D:8      | 12180 ||| FLEEEEING.
 12181 | D:8      | 12181 ||| FLEEEEING.
 12451 | D:8      | 12451 ||| INVOKING Heroism.
 12457 | D:8      | 12457 ||| FLEEEEING.
 12458 | D:8      | 12458 ||| FLEEEEING.
 12682 | D:8      | 12682 ||| INVOKING Heroism.
 12689 | D:8      | 12689 ||| FLEEEEING.
 12690 | D:8      | 12690 ||| FLEEEEING.
 12691 | D:8      | 12691 ||| FLEEEEING.
 12878 | D:8      | 12878 ||| FLEEEEING.
 12879 | D:8      | 12879 ||| FLEEEEING.
 12880 | D:8      | 12880 ||| FLEEEEING.
 12881 | D:8      | 12881 ||| FLEEEEING.
 12882 | D:8      | 12882 ||| FLEEEEING.
 13033 | D:8      | 13033 ||| FLEEEEING.
 13034 | D:8      | 13034 ||| FLEEEEING.
 13035 | D:8      | 13035 ||| FLEEEEING.
 13147 | D:8      | 13147 ||| FLEEEEING.
 13148 | D:8      | 13148 ||| FLEEEEING.
 13149 | D:8      | 13149 ||| FLEEEEING.
 13257 | D:8      | 13257 ||| FLEEEEING.
 13258 | D:8      | 13258 ||| FLEEEEING.
 13316 | D:8      | 13316 ||| FLEEEEING.
 13317 | D:8      | 13317 ||| FLEEEEING.
 13411 | D:8      | 13411 ||| FLEEEEING.
 13412 | D:8      | 13412 ||| FLEEEEING.
 13413 | D:8      | 13413 ||| FLEEEEING.
 13414 | D:8      | 13414 ||| FLEEEEING.
 13415 | D:8      | 13415 ||| FLEEEEING.
 13539 | D:8      | 13539 ||| FLEEEEING.
 13540 | D:8      | 13540 ||| FLEEEEING.
 13541 | D:8      | 13541 ||| FLEEEEING.
 13593 | D:8      | 13593 ||| FLEEEEING.
 13594 | D:8      | 13594 ||| FLEEEEING.
 13595 | D:8      | 13595 ||| FLEEEEING.
 13596 | D:8      | 13596 ||| FLEEEEING.
 13666 | D:8      | 13666 ||| FLEEEEING.
 13752 | D:8      | 13752 ||| FLEEEEING.
 13753 | D:8      | 13753 ||| FLEEEEING.
 13754 | D:8      | 13754 ||| FLEEEEING.
 13846 | D:8      | 13846 ||| FLEEEEING.
 13847 | D:8      | 13847 ||| FLEEEEING.
 13886 | D:8      | 13886 ||| FLEEEEING.
 13887 | D:8      | 13887 ||| FLEEEEING.
 14000 | D:8      | 14000 ||| FLEEEEING.
 14001 | D:8      | 14001 ||| FLEEEEING.
 14002 | D:8      | 14002 ||| FLEEEEING.
 14126 | D:8      | 14126 ||| FLEEEEING.
 14205 | D:8      | 14205 ||| FLEEEEING.
 14257 | D:8      | 14257 ||| FLEEEEING.
 14258 | D:8      | 14258 ||| FLEEEEING.
 14304 | D:8      | 14304 ||| FLEEEEING.
 14388 | D:8      | 14388 ||| FLEEEEING.
 14389 | D:8      | 14389 ||| FLEEEEING.
 14390 | D:8      | 14390 ||| FLEEEEING.
 14522 | D:8      | 14522 ||| FLEEEEING.
 14523 | D:8      | 14523 ||| FLEEEEING.
 14610 | D:8      | 14610 ||| FLEEEEING.
 14651 | D:8      | 14651 ||| FLEEEEING.
 14652 | D:8      | 14652 ||| FLEEEEING.
 14746 | D:8      | 14746 ||| FLEEEEING.
 14821 | D:8      | 14821 ||| FLEEEEING.
 14822 | D:8      | 14822 ||| FLEEEEING.
 14892 | D:8      | 14892 ||| FLEEEEING.
 14893 | D:8      | 14893 ||| FLEEEEING.
 14894 | D:8      | 14894 ||| FLEEEEING.
 14958 | D:8      | 14958 ||| FLEEEEING.
 14959 | D:8      | 14959 ||| FLEEEEING.
 14960 | D:8      | 14960 ||| FLEEEEING.
 15103 | D:8      | 15103 ||| FLEEEEING.
 15104 | D:8      | 15104 ||| FLEEEEING.
 15105 | D:8      | 15105 ||| FLEEEEING.
 15255 | D:8      | 15255 ||| FLEEEEING.
 15306 | D:8      | 15306 ||| FLEEEEING.
 15389 | D:8      | 15389 ||| FLEEEEING.
 15390 | D:8      | 15390 ||| FLEEEEING.
 15466 | D:8      | 15466 ||| FLEEEEING.
 15467 | D:8      | 15467 ||| FLEEEEING.
 15524 | D:8      | 15524 ||| FLEEEEING.
 15525 | D:8      | 15525 ||| FLEEEEING.
 15526 | D:8      | 15526 ||| FLEEEEING.
 15527 | D:8      | 15527 ||| FLEEEEING.
 15528 | D:8      | 15528 ||| FLEEEEING.
 15622 | D:8      | 15622 ||| FLEEEEING.
 15623 | D:8      | 15623 ||| FLEEEEING.
 15702 | D:8      | 15702 ||| FLEEEEING.
 15703 | D:8      | 15703 ||| FLEEEEING.
 15704 | D:8      | 15704 ||| FLEEEEING.
 15781 | D:8      | 15781 ||| FLEEEEING.
 15782 | D:8      | 15782 ||| FLEEEEING.
 15864 | D:8      | 15864 ||| FLEEEEING.
 15865 | D:8      | 15865 ||| FLEEEEING.
 15919 | D:8      | 15919 ||| FLEEEEING.
 15994 | D:8      | 15994 ||| FLEEEEING.
 15995 | D:8      | 15995 ||| FLEEEEING.
 15996 | D:8      | 15996 ||| FLEEEEING.
 15997 | D:8      | 15997 ||| FLEEEEING.
 16184 | D:8      | 16184 ||| FLEEEEING.
 16186 | D:8      | 16186 ||| FLEEEEING.
 16187 | D:8      | 16187 ||| FLEEEEING.
 16188 | D:8      | 16188 ||| FLEEEEING.
 16189 | D:8      | 16189 ||| FLEEEEING.
 16190 | D:8      | 16190 ||| FLEEEEING.
 16191 | D:8      | 16191 ||| FLEEEEING.
 16192 | D:8      | 16192 ||| FLEEEEING.
 16193 | D:8      | 16193 ||| FLEEEEING.
 16194 | D:8      | 16194 ||| FLEEEEING.
 16435 | D:8      | 16435 ||| FLEEEEING.
 16496 | D:8      | 16496 ||| FLEEEEING.
 16560 | D:8      | 16560 ||| FLEEEEING.
 16617 | D:8      | 16617 ||| FLEEEEING.
 16618 | D:8      | 16618 ||| FLEEEEING.
 16757 | D:8      | 16757 ||| FLEEEEING.
 16834 | D:8      | 16834 ||| FLEEEEING.
 16835 | D:8      | 16835 ||| FLEEEEING.
 16836 | D:8      | 16836 ||| FLEEEEING.
 16978 | D:8      | 16978 ||| FLEEEEING.
 16979 | D:8      | 16979 ||| FLEEEEING.
 16980 | D:8      | 16980 ||| FLEEEEING.
 16981 | D:8      | 16981 ||| FLEEEEING.
 16982 | D:8      | 16982 ||| FLEEEEING.
 16983 | D:8      | 16983 ||| FLEEEEING.
 16984 | D:8      | 16984 ||| FLEEEEING.
 16985 | D:8      | 16985 ||| FLEEEEING.
 17184 | D:8      | 17184 ||| FLEEEEING.
 17185 | D:8      | 17185 ||| FLEEEEING.
 17185 | D:8      | HP: 15/64 [centaur/arrow (10)]
 17186 | D:8      | 17186 ||| FLEEEEING.
 17187 | D:8      | 17187 ||| FLEEEEING.
 17446 | D:8      | 17446 ||| FLEEEEING.
 17447 | D:8      | 17447 ||| FLEEEEING.
 17448 | D:8      | 17448 ||| FLEEEEING.
 17449 | D:8      | 17449 ||| FLEEEEING.
 17450 | D:8      | 17450 ||| FLEEEEING.
 17567 | D:8      | 17567 ||| FLEEEEING.
 17568 | D:8      | 17568 ||| FLEEEEING.
 17569 | D:8      | 17569 ||| FLEEEEING.
 17700 | D:8      | 17700 ||| FLEEEEING.
 17701 | D:8      | 17701 ||| FLEEEEING.
 17750 | D:8      | 17750 ||| FLEEEEING.
 17811 | D:8      | 17811 ||| FLEEEEING.
 17903 | D:8      | 17903 ||| FLEEEEING.
 17904 | D:8      | 17904 ||| FLEEEEING.
 17905 | D:8      | 17905 ||| FLEEEEING.
 18032 | D:8      | 18032 ||| FLEEEEING.
 18033 | D:8      | 18033 ||| FLEEEEING.
 18101 | D:8      | 18101 ||| FLEEEEING.
 18102 | D:8      | 18102 ||| FLEEEEING.
 18161 | D:8      | 18161 ||| FLEEEEING.
 18162 | D:8      | 18162 ||| FLEEEEING.
 18246 | D:8      | 18246 ||| FLEEEEING.
 18247 | D:8      | 18247 ||| FLEEEEING.
 18391 | D:8      | 18391 ||| FLEEEEING.
 18392 | D:8      | 18392 ||| FLEEEEING.
 18452 | D:8      | 18452 ||| FLEEEEING.
 18501 | D:8      | 18501 ||| FLEEEEING.
 18502 | D:8      | 18502 ||| FLEEEEING.
 18503 | D:8      | 18503 ||| FLEEEEING.
 18608 | D:8      | 18608 ||| FLEEEEING.
 18609 | D:8      | 18609 ||| FLEEEEING.
 18700 | D:8      | 18700 ||| FLEEEEING.
 18701 | D:8      | 18701 ||| FLEEEEING.
 18702 | D:8      | 18702 ||| FLEEEEING.
 18703 | D:8      | 18703 ||| FLEEEEING.
 18803 | D:8      | 18803 ||| FLEEEEING.
 18804 | D:8      | 18804 ||| FLEEEEING.
 18805 | D:8      | 18805 ||| FLEEEEING.
 18939 | D:8      | 18939 ||| FLEEEEING.
 18940 | D:8      | 18940 ||| FLEEEEING.
 18941 | D:8      | 18941 ||| FLEEEEING.
 18942 | D:8      | 18942 ||| FLEEEEING.
 18943 | D:8      | 18943 ||| FLEEEEING.
 19012 | D:8      | 19012 ||| FLEEEEING.
 19098 | D:8      | 19098 ||| FLEEEEING.
 19160 | D:8      | 19160 ||| FLEEEEING.
 19161 | D:8      | 19161 ||| FLEEEEING.
 19162 | D:8      | 19162 ||| FLEEEEING.
 19163 | D:8      | 19163 ||| FLEEEEING.
 19164 | D:8      | 19164 ||| FLEEEEING.
 19165 | D:8      | 19165 ||| FLEEEEING.
 19293 | D:8      | 19293 ||| FLEEEEING.
 19294 | D:8      | 19294 ||| FLEEEEING.
 19394 | D:8      | 19394 ||| FLEEEEING.
 19446 | D:8      | 19446 ||| FLEEEEING.
 19447 | D:8      | 19447 ||| FLEEEEING.
 19517 | D:8      | 19517 ||| FLEEEEING.
 19518 | D:8      | 19518 ||| FLEEEEING.
 19519 | D:8      | 19519 ||| FLEEEEING.
 19602 | D:8      | 19602 ||| FLEEEEING.
 19603 | D:8      | 19603 ||| FLEEEEING.
 19665 | D:8      | 19665 ||| FLEEEEING.
 19732 | D:8      | 19732 ||| FLEEEEING.
 19801 | D:8      | 19801 ||| FLEEEEING.
 19853 | D:8      | 19853 ||| FLEEEEING.
 19854 | D:8      | 19854 ||| FLEEEEING.
 19855 | D:8      | 19855 ||| FLEEEEING.
 19973 | D:8      | 19973 ||| FLEEEEING.
 19974 | D:8      | 19974 ||| FLEEEEING.
 20046 | D:8      | 20046 ||| FLEEEEING.
 20047 | D:8      | 20047 ||| FLEEEEING.
 20113 | D:8      | 20113 ||| FLEEEEING.
 20158 | D:8      | 20158 ||| FLEEEEING.
 20159 | D:8      | 20159 ||| FLEEEEING.
 20242 | D:8      | 20242 ||| FLEEEEING.
 20243 | D:8      | 20243 ||| FLEEEEING.
 20296 | D:8      | 20296 ||| FLEEEEING.
 20337 | D:8      | 20337 ||| FLEEEEING.
 20338 | D:8      | 20338 ||| FLEEEEING.
 20482 | D:8      | 20482 ||| FLEEEEING.
 20483 | D:8      | 20483 ||| FLEEEEING.
 20541 | D:8      | 20541 ||| FLEEEEING.
 20614 | D:8      | 20614 ||| FLEEEEING.
 20615 | D:8      | 20615 ||| FLEEEEING.
 20616 | D:8      | 20616 ||| FLEEEEING.
 20616 | D:8      | HP: 16/64 [centaur/arrow (7)]
 20617 | D:8      | 20617 ||| FLEEEEING.
 20889 | D:8      | 20889 ||| FLEEEEING.
 20890 | D:8      | 20890 ||| FLEEEEING.
 20979 | D:8      | 20979 ||| FLEEEEING.
 20980 | D:8      | 20980 ||| FLEEEEING.
 20981 | D:8      | 20981 ||| FLEEEEING.
 20982 | D:8      | 20982 ||| FLEEEEING.
 21066 | D:8      | 21066 ||| FLEEEEING.
 21157 | D:8      | 21157 ||| FLEEEEING.
 21220 | D:8      | 21220 ||| FLEEEEING.
 21260 | D:8      | 21260 ||| FLEEEEING.
 21372 | D:8      | 21372 ||| FLEEEEING.
 21373 | D:8      | 21373 ||| FLEEEEING.
 21374 | D:8      | 21374 ||| FLEEEEING.
 21375 | D:8      | 21375 ||| FLEEEEING.
 21528 | D:8      | 21528 ||| FLEEEEING.
 21529 | D:8      | 21529 ||| FLEEEEING.
 21530 | D:8      | 21530 ||| FLEEEEING.
 21667 | D:8      | 21667 ||| FLEEEEING.
 21668 | D:8      | 21668 ||| FLEEEEING.
 21669 | D:8      | 21669 ||| FLEEEEING.
 21813 | D:8      | 21813 ||| FLEEEEING.
 21814 | D:8      | 21814 ||| FLEEEEING.
 21815 | D:8      | 21815 ||| FLEEEEING.
 21816 | D:8      | 21816 ||| FLEEEEING.
 21903 | D:8      | 21903 ||| FLEEEEING.
 21904 | D:8      | 21904 ||| FLEEEEING.
 21905 | D:8      | 21905 ||| FLEEEEING.
 22003 | D:8      | 22003 ||| FLEEEEING.
 22004 | D:8      | 22004 ||| FLEEEEING.
 22005 | D:8      | 22005 ||| FLEEEEING.
 22152 | D:8      | 22152 ||| FLEEEEING.
 22153 | D:8      | 22153 ||| FLEEEEING.
 22154 | D:8      | 22154 ||| FLEEEEING.
 22155 | D:8      | 22155 ||| FLEEEEING.
 22156 | D:8      | 22156 ||| FLEEEEING.
 22157 | D:8      | 22157 ||| FLEEEEING.
 22341 | D:8      | 22341 ||| FLEEEEING.
 22342 | D:8      | 22342 ||| FLEEEEING.
 22414 | D:8      | 22414 ||| FLEEEEING.
 22415 | D:8      | 22415 ||| FLEEEEING.
 22493 | D:8      | 22493 ||| FLEEEEING.
 22494 | D:8      | 22494 ||| FLEEEEING.
 22632 | D:8      | 22632 ||| FLEEEEING.
 22633 | D:8      | 22633 ||| FLEEEEING.
 22634 | D:8      | 22634 ||| FLEEEEING.
 22696 | D:8      | 22696 ||| FLEEEEING.
 22697 | D:8      | 22697 ||| FLEEEEING.
 22802 | D:8      | 22802 ||| FLEEEEING.
 22803 | D:8      | 22803 ||| FLEEEEING.
 22804 | D:8      | 22804 ||| FLEEEEING.
 22899 | D:8      | 22899 ||| FLEEEEING.
 22900 | D:8      | 22900 ||| FLEEEEING.
 22901 | D:8      | 22901 ||| FLEEEEING.
 23088 | D:8      | 23088 ||| FLEEEEING.
 23089 | D:8      | 23089 ||| FLEEEEING.
 23146 | D:8      | 23146 ||| FLEEEEING.
 23147 | D:8      | 23147 ||| FLEEEEING.
 23245 | D:8      | 23245 ||| FLEEEEING.
 23246 | D:8      | 23246 ||| FLEEEEING.
 23333 | D:8      | 23333 ||| FLEEEEING.
 23334 | D:8      | 23334 ||| FLEEEEING.
 23335 | D:8      | 23335 ||| FLEEEEING.
 23336 | D:8      | 23336 ||| FLEEEEING.
 23463 | D:8      | 23463 ||| FLEEEEING.
 23464 | D:8      | 23464 ||| FLEEEEING.
 23465 | D:8      | 23465 ||| FLEEEEING.
 23466 | D:8      | 23466 ||| FLEEEEING.
 23546 | D:8      | 23546 ||| FLEEEEING.
 23547 | D:8      | 23547 ||| FLEEEEING.
 23608 | D:8      | 23608 ||| FLEEEEING.
 23609 | D:8      | 23609 ||| FLEEEEING.
 23610 | D:8      | 23610 ||| FLEEEEING.
 23695 | D:8      | 23695 ||| FLEEEEING.
 23696 | D:8      | 23696 ||| FLEEEEING.
 23697 | D:8      | 23697 ||| FLEEEEING.
 23698 | D:8      | 23698 ||| FLEEEEING.
 23788 | D:8      | 23788 ||| FLEEEEING.
 23834 | D:8      | 23834 ||| FLEEEEING.
 23835 | D:8      | 23835 ||| FLEEEEING.
 23876 | D:8      | 23876 ||| FLEEEEING.
 23877 | D:8      | 23877 ||| FLEEEEING.
 23961 | D:8      | 23961 ||| FLEEEEING.
 23962 | D:8      | 23962 ||| FLEEEEING.
 23963 | D:8      | 23963 ||| FLEEEEING.
 24082 | D:8      | 24082 ||| FLEEEEING.
 24083 | D:8      | 24083 ||| FLEEEEING.
 24167 | D:8      | 24167 ||| FLEEEEING.
 24204 | D:8      | 24204 ||| FLEEEEING.
 24205 | D:8      | 24205 ||| FLEEEEING.
 24249 | D:8      | 24249 ||| FLEEEEING.
 24311 | D:8      | 24311 ||| FLEEEEING.
 24312 | D:8      | 24312 ||| FLEEEEING.
 24370 | D:8      | 24370 ||| FLEEEEING.
 24420 | D:8      | 24420 ||| FLEEEEING.
 24477 | D:8      | Fell from the grace of Okawaru
 24576 | Temple   | 24576 ||| PLANNING TEMPLE
 24576 | Temple   | Became a worshipper of Warmaster Okawaru
 24577 | Temple   | 24577 ||| PLANNING D:1-11
 24672 | D:8      | 24672 ||| FLEEEEING.
 24673 | D:8      | 24673 ||| FLEEEEING.
 24674 | D:8      | 24674 ||| FLEEEEING.
 24675 | D:8      | 24675 ||| FLEEEEING.
 24810 | D:8      | 24810 ||| FLEEEEING.
 24811 | D:8      | 24811 ||| FLEEEEING.
 24812 | D:8      | 24812 ||| FLEEEEING.
 24813 | D:8      | 24813 ||| FLEEEEING.
 25010 | D:8      | 25010 ||| FLEEEEING.
 25011 | D:8      | 25011 ||| FLEEEEING.
 25012 | D:8      | 25012 ||| FLEEEEING.
 25013 | D:8      | 25013 ||| FLEEEEING.
 25131 | D:8      | 25131 ||| FLEEEEING.
 25132 | D:8      | 25132 ||| FLEEEEING.
 25222 | D:8      | 25222 ||| FLEEEEING.
 25223 | D:8      | 25223 ||| FLEEEEING.
 25259 | D:8      | 25259 ||| FLEEEEING.
 25318 | D:8      | 25318 ||| FLEEEEING.
 25372 | D:8      | 25372 ||| FLEEEEING.
 25427 | D:8      | 25427 ||| FLEEEEING.
 25428 | D:8      | 25428 ||| FLEEEEING.
 25477 | D:8      | 25477 ||| FLEEEEING.
 25478 | D:8      | 25478 ||| FLEEEEING.
 25563 | D:8      | 25563 ||| FLEEEEING.
 25564 | D:8      | 25564 ||| FLEEEEING.
 25640 | D:8      | 25640 ||| FLEEEEING.
 25641 | D:8      | 25641 ||| FLEEEEING.
 25642 | D:8      | 25642 ||| FLEEEEING.
 25643 | D:8      | 25643 ||| FLEEEEING.
 25775 | D:8      | 25775 ||| FLEEEEING.
 25776 | D:8      | 25776 ||| FLEEEEING.
 25777 | D:8      | 25777 ||| FLEEEEING.
 25778 | D:8      | 25778 ||| FLEEEEING.
 25779 | D:8      | 25779 ||| FLEEEEING.
 25930 | D:8      | 25930 ||| FLEEEEING.
 25931 | D:8      | 25931 ||| FLEEEEING.
 25932 | D:8      | 25932 ||| FLEEEEING.
 25933 | D:8      | 25933 ||| FLEEEEING.
 25934 | D:8      | 25934 ||| FLEEEEING.
 26059 | D:8      | 26059 ||| FLEEEEING.
 26060 | D:8      | 26060 ||| FLEEEEING.
 26061 | D:8      | 26061 ||| FLEEEEING.
 26121 | D:8      | 26121 ||| FLEEEEING.
 26182 | D:8      | 26182 ||| FLEEEEING.
 26183 | D:8      | 26183 ||| FLEEEEING.
 26266 | D:8      | 26266 ||| FLEEEEING.
 26308 | D:8      | 26308 ||| FLEEEEING.
 26363 | D:8      | 26363 ||| FLEEEEING.
 26448 | D:8      | 26448 ||| FLEEEEING.
 26449 | D:8      | 26449 ||| FLEEEEING.
 26450 | D:8      | 26450 ||| FLEEEEING.
 26528 | D:8      | 26528 ||| FLEEEEING.
 26529 | D:8      | 26529 ||| FLEEEEING.
 26574 | D:8      | 26574 ||| FLEEEEING.
 26610 | D:8      | 26610 ||| FLEEEEING.
 26611 | D:8      | 26611 ||| FLEEEEING.
 26612 | D:8      | 26612 ||| FLEEEEING.
 26722 | D:8      | 26722 ||| FLEEEEING.
 26723 | D:8      | 26723 ||| FLEEEEING.
 26760 | D:8      | 26760 ||| FLEEEEING.
 26761 | D:8      | 26761 ||| FLEEEEING.
 26838 | D:8      | 26838 ||| FLEEEEING.
 26839 | D:8      | 26839 ||| FLEEEEING.
 26840 | D:8      | 26840 ||| FLEEEEING.
 26903 | D:8      | 26903 ||| FLEEEEING.
 26962 | D:8      | 26962 ||| FLEEEEING.
 27011 | D:8      | 27011 ||| FLEEEEING.
 27074 | D:8      | 27074 ||| FLEEEEING.
 27075 | D:8      | 27075 ||| FLEEEEING.
 27076 | D:8      | 27076 ||| FLEEEEING.
 27195 | D:8      | 27195 ||| FLEEEEING.
 27196 | D:8      | 27196 ||| FLEEEEING.
 27197 | D:8      | 27197 ||| FLEEEEING.
 27198 | D:8      | 27198 ||| FLEEEEING.
 27312 | D:8      | 27312 ||| FLEEEEING.
 27313 | D:8      | 27313 ||| FLEEEEING.
 27314 | D:8      | 27314 ||| FLEEEEING.
 27315 | D:8      | 27315 ||| FLEEEEING.
 27316 | D:8      | 27316 ||| FLEEEEING.
 27463 | D:8      | 27463 ||| FLEEEEING.
 27464 | D:8      | 27464 ||| FLEEEEING.
 27465 | D:8      | 27465 ||| FLEEEEING.
 27529 | D:8      | 27529 ||| FLEEEEING.
 27530 | D:8      | 27530 ||| FLEEEEING.
 27531 | D:8      | 27531 ||| FLEEEEING.
 27532 | D:8      | 27532 ||| FLEEEEING.
 27734 | D:8      | 27734 ||| FLEEEEING.
 27779 | D:8      | 27779 ||| FLEEEEING.
 27780 | D:8      | 27780 ||| FLEEEEING.
 27816 | D:8      | 27816 ||| FLEEEEING.
 27817 | D:8      | 27817 ||| FLEEEEING.
 27818 | D:8      | 27818 ||| FLEEEEING.
 27819 | D:8      | 27819 ||| FLEEEEING.
 27820 | D:8      | 27820 ||| FLEEEEING.
 28003 | D:8      | 28003 ||| FLEEEEING.
 28004 | D:8      | 28004 ||| FLEEEEING.
 28005 | D:8      | 28005 ||| FLEEEEING.
 28063 | D:8      | 28063 ||| FLEEEEING.
 28103 | D:8      | 28103 ||| FLEEEEING.
 28104 | D:8      | 28104 ||| FLEEEEING.
 28105 | D:8      | 28105 ||| FLEEEEING.
 28191 | D:8      | 28191 ||| FLEEEEING.
 28192 | D:8      | 28192 ||| FLEEEEING.
 28193 | D:8      | 28193 ||| FLEEEEING.
 28355 | D:8      | 28355 ||| FLEEEEING.
 28413 | D:8      | 28413 ||| FLEEEEING.
 28490 | D:8      | 28490 ||| FLEEEEING.
 28491 | D:8      | 28491 ||| FLEEEEING.
 28492 | D:8      | 28492 ||| FLEEEEING.
 28493 | D:8      | 28493 ||| FLEEEEING.
 28494 | D:8      | 28494 ||| FLEEEEING.
 28694 | D:8      | 28694 ||| FLEEEEING.
 28695 | D:8      | 28695 ||| FLEEEEING.
 28696 | D:8      | 28696 ||| FLEEEEING.
 28814 | D:8      | 28814 ||| FLEEEEING.
 28815 | D:8      | 28815 ||| FLEEEEING.
 28892 | D:8      | 28892 ||| FLEEEEING.
 28893 | D:8      | 28893 ||| FLEEEEING.
 28995 | D:8      | 28995 ||| FLEEEEING.
 28996 | D:8      | 28996 ||| FLEEEEING.
 28997 | D:8      | 28997 ||| FLEEEEING.
 29138 | D:8      | 29138 ||| FLEEEEING.
 29139 | D:8      | 29139 ||| FLEEEEING.
 29140 | D:8      | 29140 ||| FLEEEEING.
 29197 | D:8      | 29197 ||| FLEEEEING.
 29273 | D:8      | 29273 ||| FLEEEEING.
 29274 | D:8      | 29274 ||| FLEEEEING.
 29363 | D:8      | 29363 ||| FLEEEEING.
 29364 | D:8      | 29364 ||| FLEEEEING.
 29399 | D:8      | 29399 ||| FLEEEEING.
 29400 | D:8      | 29400 ||| FLEEEEING.
 29456 | D:8      | Fell from the grace of Okawaru
 29557 | Temple   | Became a worshipper of Warmaster Okawaru
 29652 | D:8      | 29652 ||| FLEEEEING.
 29653 | D:8      | 29653 ||| FLEEEEING.
 29654 | D:8      | 29654 ||| FLEEEEING.
 29655 | D:8      | 29655 ||| FLEEEEING.
 29692 | D:8      | 29692 ||| FLEEEEING.
 29693 | D:8      | 29693 ||| FLEEEEING.
 29851 | D:8      | 29851 ||| FLEEEEING.
 29852 | D:8      | 29852 ||| FLEEEEING.
 29853 | D:8      | 29853 ||| FLEEEEING.
 29854 | D:8      | 29854 ||| FLEEEEING.
 29985 | D:8      | 29985 ||| FLEEEEING.
 29986 | D:8      | 29986 ||| FLEEEEING.
 29987 | D:8      | 29987 ||| FLEEEEING.
 29988 | D:8      | 29988 ||| FLEEEEING.
 29989 | D:8      | 29989 ||| FLEEEEING.
 29990 | D:8      | 29990 ||| FLEEEEING.
 29991 | D:8      | 29991 ||| FLEEEEING.
 29992 | D:8      | 29992 ||| FLEEEEING.
 30201 | D:8      | 30201 ||| FLEEEEING.
 30202 | D:8      | 30202 ||| FLEEEEING.
 30203 | D:8      | 30203 ||| FLEEEEING.
 30284 | D:8      | 30284 ||| FLEEEEING.
 30285 | D:8      | 30285 ||| FLEEEEING.
 30342 | D:8      | 30342 ||| FLEEEEING.
 30409 | D:8      | 30409 ||| FLEEEEING.
 30410 | D:8      | 30410 ||| FLEEEEING.
 30478 | D:8      | 30478 ||| FLEEEEING.
 30541 | D:8      | 30541 ||| FLEEEEING.
 30542 | D:8      | 30542 ||| FLEEEEING.
 30543 | D:8      | 30543 ||| FLEEEEING.
 30628 | D:8      | 30628 ||| FLEEEEING.
 30629 | D:8      | 30629 ||| FLEEEEING.
 30704 | D:8      | 30704 ||| FLEEEEING.
 30705 | D:8      | 30705 ||| FLEEEEING.
 30706 | D:8      | 30706 ||| FLEEEEING.
 30830 | D:8      | 30830 ||| FLEEEEING.
 30831 | D:8      | 30831 ||| FLEEEEING.
 30900 | D:8      | 30900 ||| FLEEEEING.
 30901 | D:8      | 30901 ||| FLEEEEING.
 30974 | D:8      | 30974 ||| FLEEEEING.
 30978 | D:8      | 30978 ||| PLANNING D:1-11
 30978 | D:8      | Quit the game

Levels and vault maps discovered:
D:1:      matt_arrival_debris, layout_basic, serial_shops, nicolae_diamond_shop
D:2:      layout_rooms, serial_shops, nicolae_shop_overgrown_old_shop
D:3:      layout_loops_corners, gammafunk_ghost_stat_death, uniq_grinder
D:4:      kennysheep_six_static_rooms, layout_loops_ring, amcnicky_altar_gilded,
          ebering_ghost_disaster_area
D:5:      layout_basic, minmay_temple_entry_ruins, grunt_decor_arrowhead
D:6:      layout_layer_cave, fedhas_altar_1, nicolae_overflow_crystal_walls,
          gammafunk_ghost_grave, uniq_maggie
D:7:      layout_rooms, st_stairs_2, uniq_duvessa
D:8:      layout_basic, enter_bailey_2, centaur_isle
Temple:   hellmonk_temple_of_storms

Skill      XL: |  1  2  3  4  5  6  7  8  9 10 |
---------------+-------------------------------+-----
Axes           | 2 3 5 6 7 9 10 | 10.0
Fighting       | 4 5 6 7 |  7.8
Dodging        | 1 |  1.0
Armour         | 4 5 6 |  6.0
Invocations    | 1 4 |  4.0
Shields        | 4 |  4.0
Throwing       | 1 |  1.7

Action                   |  1- 3 |  4- 6 |  7- 9 | 10-12 || total
-------------------------+-------+-------+-------+-------++-------
Melee: War axe           |   128 |    80 |   293 |    29 ||   530
Throw: Boomerang         |       |       |     3 |     7 ||    10
Invok: Heroism           |       |       |     7 |    19 ||    26
  Use: Scroll            |     8 |     6 |    10 |       ||    24
       Potion            |     2 |       |     2 |       ||     4
Armor: Scale mail        |    47 |       |       |       ||    47
       Chain mail        |    35 |    57 |   200 |     2 ||   294
       Plate armour      |       |       |       |  1795 ||  1795
Dodge: Dodged            |    69 |    29 |   135 |   897 ||  1130
Block: Buckler           |    17 |     8 |    68 |   601 ||   694

Table legend:
 A = Non-vault XP
 B = Vault XP
 C = Vault XP percentage of total XP
 D = Non-vault monster count
 E = Vault monster count
 F = Vault count percentage of total count
                 A         B        C        D         E       F
            +---------+---------+-------+---------+---------+-------
      Total |    4330 |    1120 |  20.6 |     155 |      12 |   7.2
            +---------+---------+-------+---------+---------+-------
        D:1 |      37 |       0 |   0.0 |      25 |       0 |   0.0
        D:2 |      31 |       0 |   0.0 |      15 |       0 |   0.0
        D:3 |      40 |     290 |  87.9 |      18 |       1 |   5.3
        D:4 |     385 |     116 |  23.2 |      17 |       6 |  26.1
        D:5 |     548 |       0 |   0.0 |      18 |       0 |   0.0
        D:6 |     817 |     376 |  31.5 |      18 |       1 |   5.3
        D:7 |    1425 |     338 |  19.2 |      27 |       4 |  12.9
        D:8 |    1047 |       0 |   0.0 |      17 |       0 |   0.0
            +---------+---------+-------+---------+---------+-------
